 Dungeon Crawl Stone Soup version 0.24.0-2-g5b39cebb1c (webtiles) character file.

Game seed: 4108889000403097657, levelgen mode: deterministic

2552 Gumption the Slinger (level 9, 0/61 HPs)
             Began as a Halfling Hunter on Oct 31, 2019.
             Was a Believer of Okawaru.
             Slain by a killer bee (1 damage)
             ... on level 7 of the Dungeon.
             The game lasted 00:52:38 (6049 turns).

Gumption the Slinger (Halfling Hunter)              Turns: 6049, Time: 00:52:39

Health: 0/61       AC: 10    Str: 16    XL:     9   Next: 86%
Magic:  9/9        EV: 15    Int:  9    God:    Okawaru [**....]
Gold:   170        SH:  7    Dex: 15    Spells: 8/8 levels left

rFire    . . .     SeeInvis .   b - +5 dagger of the Undead {protect, rN+}
rCold    + . .     Gourm    .   v - +1 buckler
rNeg     + . .     Faith    .   e - +2 scale mail {rC+}
rPois    .         Spirit   .   t - +0 helmet
rElec    .         Reflect  .   (no cloak)
rCorr    .         Harm     .   (no gloves)
MR       .....                  (no boots)
Stlth    ++........             (no amulet)
HPRegen  0.20/turn              (no ring)
MPRegen  0.11/turn              (no ring)

@: lethally poisoned (0 -> -10)
A: small, mutation resistance 1
a: Heroism, Renounce Religion


You were on level 7 of the Dungeon.
You worshipped Okawaru.
Okawaru was pleased with you.
You were not hungry.

You visited 2 branches of the dungeon, and saw 8 of its levels.

You collected 352 gold pieces.
You spent 182 gold pieces at shops.

Inventory:

Hand Weapons
 a - a +2 hunting sling
 b - the +5 dagger of the Undead (weapon) {protect, rN+}
   (You bought it in a shop on level 4 of the Dungeon)

   It grants its wielder temporary protection when it strikes (+7 to AC).
   It protects you from negative energy.
 k - a +0 whip
 o - a +0 short sword
Missiles
 g - 6 curare-tipped darts (quivered)
 j - 166 stones
 n - 38 poisoned darts
 F - 19 sling bullets
Armour
 c - a +0 ring mail
 e - a +2 scale mail of cold resistance (worn)
 t - a +0 helmet (worn)
 v - a +1 buckler (worn)
 y - a +0 chain mail
Wands
 i - a wand of flame (16)
 l - a wand of digging (5)
Scrolls
 h - 6 scrolls of teleportation
 r - 3 scrolls of noise {unknown}
 x - 2 scrolls of enchant weapon
 D - a scroll of magic mapping {unknown}
 G - a scroll of blinking {unknown}
Potions
 d - a potion of cancellation {unknown}
 m - a potion of berserk rage
 p - 2 potions of heal wounds
 q - a potion of lignification {unknown}
 s - 2 potions of mutation
 u - 3 potions of magic
 w - 4 potions of might
 z - 2 potions of flight
 A - a potion of degeneration {unknown}
 B - a potion of ambrosia {unknown}
 C - 2 potions of brilliance {unknown}
Comestibles
 f - 11 rations
 E - 3 chunks of flesh


   Skills:
 + Level 5.2 Fighting
 + Level 9.7 Slings
 + Level 3.5 Armour
 + Level 6.3 Dodging
 + Level 6.5 Stealth
 - Level 5.7 Shields


You had 8 spell levels left.
You didn't know any spells.
Your spell library was empty.

Dungeon Overview and Level Annotations

Branches:
Dungeon (7/15)             Temple (1/1) D:5

Altars:
Ashenzari
Cheibriados
Fedhas
Hepliaklqana
Makhleb
Nemelex Xobeh
Okawaru
Sif Muna
Trog
Vehumet
Xom
Yredelemnul
Zin
The Shining One

Shops:
D:4 *


Innate Abilities, Weirdness & Mutations

You are small and have problems with some larger weapons.
You are somewhat resistant to further mutation.


Message History

The killer bee is severely wounded.
You feel sick.
The killer bee stings you but does no damage.
The killer bee misses you.
The killer bee stings you but does no damage.
You block the killer bee's attack.
You miss the killer bee.
The killer bee is severely wounded.
You feel sick. You block the killer bee's attack. The killer bee misses you.
The killer bee completely misses you.
The killer bee stings you but does no damage.
You miss the killer bee.
The killer bee is severely wounded.
You feel sick. The killer bee stings you.
* * * LOW HITPOINT WARNING * * *
You are more poisoned.
The killer bee poisons you! The killer bee stings you.
* * * LOW HITPOINT WARNING * * *
The killer bee stings you.
You die...

############ #####
#..#...#s..#......
#).....'y..'....#
#.)#...#...#.##...
#####'######....
#...syy.((..[....
#####y############
#@y.........
###.......#
#.#####.# #.# #.#
#.# #.# #.# #)#


You could see a scorpion and 4 killer bees.

Vanquished Creatures
  Sigmund (D:4)
  A water moccasin (D:6)
  Duvessa (D:5)
  An ice beast (D:6)
  A sky beast (D:7)
  A black bear (D:7)
  2 phantoms
  4 ogres
  3 centaurs
  A crocodile (D:5)
  Blork the orc (D:4)
  A bullfrog (D:7)
  Dowan (D:5)
  2 killer bees (D:7)
  2 crimson imps
  6 hounds
  A jelly (D:5)
  A centaur skeleton (D:7)
  2 orc wizards
  An iguana (D:6)
  Natasha (thrice) (D:4)
  4 worker ants
  A killer bee zombie (D:7)
  2 worker ant zombies (D:5)
  4 gnolls (D:7)
  7 adders
  A shadow imp (D:6)
  3 worms
  7 leopard geckos
  19 orcs
  2 giant cockroaches
  3 goblins
  12 hobgoblins
  7 jackals
  8 kobolds
  A quokka (D:4)
  3 ball pythons
  4 bats
  4 frilled lizards
  3 quokka skeletons (D:5)
  6 rats
138 creatures vanquished.

Notes
Turn   | Place    | Note
-------+----------+-------------------------------------------
     0 | D:1      | Gumption the Halfling Hunter began the quest for the Orb.
     0 | D:1      | Reached XP level 1. HP: 14/14 MP: 1/1
   112 | D:1      | Reached skill level 6 in Slings
   112 | D:1      | Reached XP level 2. HP: 15/19 MP: 2/2
   419 | D:1      | Reached XP level 3. HP: 24/24 MP: 3/3
  1425 | D:3      | Reached XP level 4. HP: 30/30 MP: 4/4
  1730 | D:3      | Found a glowing golden altar of the Shining One.
  1896 | D:3      | Reached skill level 1 in Shields
  2021 | D:4      | Noticed Blork the orc
  2028 | D:4      | Noticed an ogre
  2029 | D:4      | Killed Blork the orc
  2029 | D:4      | Reached XP level 5. HP: 12/35 MP: 5/5
  2268 | D:4      | Reached XP level 6. HP: 40/41 MP: 6/6
  2361 | D:4      | Noticed Natasha
  2368 | D:4      | Killed Natasha
  2517 | D:4      | Noticed Natasha
  2528 | D:4      | Killed Natasha
  2671 | D:4      | Reached skill level 7 in Slings
  2839 | D:4      | Killed an ogre
  2839 | D:4      | Reached XP level 7. HP: 46/46 MP: 7/7
  3039 | D:4      | Noticed Sigmund
  3043 | D:4      | Killed Sigmund
  3287 | D:4      | Found Ligej's Assorted Antiques.
  3450 | D:4      | Noticed Natasha
  3452 | D:4      | Killed Natasha
  3529 | D:5      | Entered Level 5 of the Dungeon
  3579 | D:5      | Found a staircase to the Ecumenical Temple.
  3609 | D:5      | Reached XP level 8. HP: 41/54 MP: 8/8
  3633 | Temple   | Entered the Ecumenical Temple
  3752 | Temple   | Became a worshipper of Warmaster Okawaru
  3800 | D:5      | Reached skill level 8 in Slings
  3800 | D:5      | Reached skill level 5 in Shields
  3801 | D:5      | Found a blossoming altar of Fedhas.
  3890 | D:5      | Noticed Duvessa
  3901 | D:5      | Killed Duvessa
  3901 | D:5      | Noticed Dowan
  3908 | D:5      | Killed Dowan
  4100 | D:5      | Reached skill level 5 in Dodging
  4100 | D:5      | Reached skill level 5 in Stealth
  4205 | D:4      | Bought an encrusted dagger for 182 gold pieces
  4396 | D:6      | Reached * piety under Okawaru
  4396 | D:6      | Reached skill level 1 in Armour
  4396 | D:6      | Reached XP level 9. HP: 59/59 MP: 9/9
  4409 | D:6      | Found a glowing silver altar of Zin.
  4517 | D:6      | Reached skill level 9 in Slings
  4713 | D:6      | Identified the +5 dagger of the Undead {protect, rN+} (You
                  | bought it in a shop on level 4 of the Dungeon)
  5574 | D:7      | Reached ** piety under Okawaru
  5574 | D:7      | Reached skill level 5 in Fighting
  6049 | D:7      | HP: 1/61 [killer bee (3)]
  6049 | D:7      | Slain by a killer bee

Levels and vault maps discovered:
D:1:      dpeg_arrival_long_road, layout_rooms
D:2:      layout_loops_ring, first_ration, minivault_19
D:3:      layout_loops_cross, tso_altar
D:4:      layout_cave_pods, serial_shops, nicolae_shop_behind_doors,
          minivault_24, minmay_unequal, uniq_natasha, uniq_blork_the_orc,
          uniq_sigmund
D:5:      layout_rooms, minmay_temple_entry_statues_pillars,
          hangedman_decor_diamond_cutter, fedhas_bush_and_centaur_altar,
          uniq_duvessa
D:6:      layout_cave_pools, basic_altar, roderic_lattice_a
D:7:      minmay_thinvault, layout_loops_ring, the_bakery
Temple:   roderic_octagonal_lattice_temple

Skill      XL: |  1  2  3  4  5  6  7  8  9 |
---------------+----------------------------+-----
Slings         | 6 7 8 9 |  9.7
Fighting       | 2 3 4 5 |  5.2
Stealth        | 2 3 4 5 6 |  6.5
Dodging        | 3 4 5 6 |  6.3
Shields        | 1 2 3 4 5 |  5.7
Armour         | 1 3 |  3.5

Action                   |  1- 3 |  4- 6 |  7- 9 || total
-------------------------+-------+-------+-------++-------
Melee: Short sword       |    57 |    17 |     5 ||    79
       Dagger            |       |       |    96 ||    96
 Fire: Hunting sling     |    65 |   123 |   281 ||   469
Throw: Dart              |       |     1 |     9 ||    10
  Use: Scroll            |     1 |     3 |    10 ||    14
       Potion            |       |       |     1 ||     1
  Eat: Chunk             |     1 |     5 |     9 ||    15
Armor: Leather armour    |    16 |     8 |       ||    24
       Chain mail        |       |       |     4 ||     4
       Ring mail         |       |       |     3 ||     3
       Scale mail        |       |       |    51 ||    51
Dodge: Dodged            |    56 |    29 |    92 ||   177
Block: Buckler           |       |     9 |    71 ||    80
